 Dungeon Crawl Stone Soup version 0.29-a0-19-gef7f3e67aa (webtiles) character file.

Game seed: 5759894176649828973

1621 Nattfarinn the Thaumaturge (level 9, -1/55 HPs)
             Began as a Djinni Venom Mage on Jan 29, 2022.
             Slain by a hound (4 damage)
             ... on level 6 of the Dungeon.
             The game lasted 00:17:50 (11464 turns).

Nattfarinn the Thaumaturge (Djinni Venom Mage)     Turns: 11464, Time: 00:17:51

Health: -1/55      AC:  3    Str: 11    XL:     9   Next: 17%
Gold:   1228       EV: 12    Int: 17    God:
                   SH:  0    Dex: 14

rFire   + + .      SeeInvis .   u - +2 spear (venom)
rCold   x . .      Faith    .   (no shield)
rNeg    + . .      Spirit   .   a - +0 robe
rPois   ∞          Reflect  .   (no helmet)
rElec   .          Harm     .   n - scarf {repulsion}
rCorr   .          Rampage  .   l - +0 pair of gloves
Will    .....                   (boots unavailable)
Stlth   ++........              (no amulet)
HPRegen 0.18/turn               r - ring of positive energy
MPRegen 0.00/turn               (no ring)

@: flying, repel missiles
A: sickness immunity, fire resistance 2, cold vulnerability 1, float, innate
caster, HP casting, extra vitality 1
a: no special abilities


You were on level 6 of the Dungeon.
You visited 1 branch of the dungeon, and saw 6 of its levels.
You also visited: Sewer.

You collected 1228 gold pieces.

Inventory:

Hand Weapons
 s - a +0 whip of pain
 u - a +2 spear of venom (weapon)
Missiles
 t - a curare-tipped dart
Armour
 a - a +0 robe (worn)
 i - a +3 chain mail of fire resistance
 l - a +0 pair of gloves (worn)
 n - a scarf of repulsion (worn)
Jewellery
 r - a ring of positive energy (left hand)
Scrolls
 b - a scroll of fog
 d - a scroll of enchant weapon {unknown}
 g - a scroll of holy word
 m - 2 scrolls of magic mapping {unknown}
 o - a scroll of noise {unknown}
 p - a scroll of immolation {unknown}
 q - 2 scrolls of fear {unknown}
 v - a scroll of blinking {unknown}
Potions
 c - a potion of berserk rage {unknown}
 e - a potion of curing
 f - a potion of ambrosia
 h - 3 potions of mutation
 w - a potion of cancellation {unknown}


   Skills:
 - Level 2.1 Dodging
 - Level 1.5 Stealth
 + Level 8.9 Spellcasting


You had 6 spell levels left.
You knew the following spells:

 Your Spells              Type           Power      Damage    Failure   Level
a - Sting                 Tmut/Pois      100%       1d8       1%          1
b - Poisonous Vapours     Pois/Air       74%        N/A       1%          2
c - Mephitic Cloud        Conj/Pois/Air  37%        N/A       1%          3
d - Olgreb's Toxic Radia  Pois           37%        N/A       2%          4
e - Animate Skeleton      Necr           74%        N/A       1%          1
f - Passwall              Tmut/Erth      30%        N/A       1%          2
g - Gell's Gravitas       Tloc           37%        N/A       1%          3
h - Call Canine Familiar  Summ           37%        N/A       1%          3
Your spell library was empty.

Dungeon Overview and Level Annotations

Branches:
Dungeon (6/15)             Temple (0/1) D:6           Sewer (visited)

Altars:


Innate Abilities, Weirdness & Mutations

You are immune to sickness and miasma.
You are immune to poison.
Your flesh is very heat resistant. (rF++)
You are vulnerable to cold. (rC-)
You float through the air rather than walking.
You learn spells naturally, not from books.
Your magical power is your life essence.
You have superior vitality. (+4 MHP)


Message History

Your hound bites the howler monkey skeleton.
The hound barely misses your hound.
The howler monkey skeleton closely misses your hound.
Your hound completely misses the howler monkey skeleton.
The hound bites your hound. The meliai zombie closely misses you.
The meliai zombie misses you.
The howler monkey skeleton hits your hound.
Unknown command.
Unknown command.
You hit the meliai zombie.
The meliai zombie is lightly damaged.
The meliai zombie completely misses you.
The meliai zombie hits you but does no damage.
Your hound bites the hound but does no damage.
The hound misses your hound. The meliai zombie misses you.
The meliai zombie barely misses you.
Your hound bites the hound.
The hound misses your hound.
The howler monkey skeleton hits your hound.
You feel better. The meliai zombie barely misses you.
The meliai zombie misses you.
Your hound closely misses the hound.
The hound bites your hound. The meliai zombie misses you.
The meliai zombie closely misses you.
The howler monkey skeleton hits your hound.
Your hound dies!
Your hound's corpse disappears in a puff of smoke!
The meliai zombie hits you.
* * * LOW HITPOINT WARNING * * *
The meliai zombie hits you!
* * * LOW HITPOINT WARNING * * *
The hound closely misses you. The meliai zombie hits you.
* * * LOW HITPOINT WARNING * * *
The meliai zombie misses you.
Unknown command.
Unknown command.
As you read the scroll of holy word, it crumbles to dust.
You speak a Word of immense power!
The meliai zombie convulses!
The howler monkey skeleton convulses!
You destroy the howler monkey skeleton!
The hound bites you.
You die...

### # # ..# #.##.
#.# ##....# #.##
......[##..#
........Z.# ### #
.....§..h###.. .##
.......##@#.##....
.
....>....(........
..
..>....#.)........
.#
.......#.#.###....
.# .......#.#.#
... . .........#.#
. ####.# #.###
#...#


You could see a hound and a meliai zombie (dazed).

Vanquished Creatures
  A water moccasin (D:5)
  3 black bears
  A necrophage (D:5)
  A phantom (D:5)
  2 kobold brigands
  Blork the orc (D:5)
  A gnoll sergeant (D:5)
  3 hounds
  A centaur skeleton (D:5)
  A jelly (D:5)
  An orc priest (D:3)
  3 iguanas
  Terence (D:2)
  2 orc wizards
  A hound skeleton (D:5)
  8 gnolls
  A howler monkey skeleton (D:6)
  5 river rats (Sewer)
  6 adders
  2 white imps (D:5)
  3 dart slugs
  15 orcs
  7 endoplasms
  9 giant cockroaches
  8 goblins
  5 hobgoblins (D:2)
  4 jackals (Sewer)
  13 kobolds
  4 quokkas
  11 ball pythons
  14 bats
  2 frilled lizards
  4 rats
144 creatures vanquished.

Vanquished Creatures (collateral kills)
  2 necrophages (D:5)
  An orc (D:5)
3 creatures vanquished.

Grand Total: 147 creatures vanquished

Notes
Turn   | Place    | Note
-------+----------+-------------------------------------------
     0 | D:1      | Nattfarinn the Djinni Venom Mage began the quest for the
                  | Orb.
     0 | D:1      | Reached XP level 1. HP: 15/15 MP: 0/0
   325 | D:1      | Reached XP level 2. HP: 19/21 MP: 0/0
   565 | D:1      | Found a faded altar of an unknown god.
  1076 | D:2      | Reached skill level 3 in Spellcasting
  1124 | D:2      | Noticed Terence
  1139 | D:2      | Killed Terence
  1140 | D:2      | Reached XP level 3. HP: 7/25 MP: 0/0
  1140 | D:2      | Learned a level 1 spell: Animate Skeleton
  1758 | D:2      | Reached XP level 4. HP: 20/31 MP: 0/0
  3009 | D:3      | Reached skill level 4 in Spellcasting
  3341 | D:3      | Reached XP level 5. HP: 34/35 MP: 0/0
  3341 | D:3      | Learned a level 2 spell: Passwall
  4076 | D:4      | Reached XP level 6. HP: 14/40 MP: 0/0
  4354 | D:4      | Found a glowing drain.
  4369 | Sewer    | Entered a sewer
  4763 | Sewer    | Reached skill level 5 in Spellcasting
  5471 | Sewer    | Identified a scroll of acquirement
  5505 | D:4      | Acquired 933 gold pieces
  5915 | D:5      | Entered Level 5 of the Dungeon
  5916 | D:5      | Noticed Blork the orc
  6122 | D:5      | Noticed a necrophage
  6402 | D:5      | Reached XP level 7. HP: 17/45 MP: 0/0
  6402 | D:5      | Learned a level 3 spell: Gell's Gravitas
  6402 | D:5      | HP: 1/45 [iguana (12)]
  6425 | D:4      | Reached skill level 6 in Spellcasting
  7240 | D:5      | Reached XP level 8. HP: 36/50 MP: 0/0
  8183 | D:5      | Reached skill level 7 in Spellcasting
  9640 | D:5      | Killed Blork the orc
  9986 | D:6      | Found a staircase to the Ecumenical Temple.
  9997 | D:6      | Reached skill level 8 in Spellcasting
 10875 | D:5      | Reached XP level 9. HP: 43/55 MP: 0/0
 10875 | D:5      | Learned a level 3 spell: Call Canine Familiar
 11464 | D:6      | Slain by a hound

Illustrated notes

Levels and vault maps discovered:
D:1:      dpeg_arrival_orchard, layout_basic,
          hellmonk_ecumenical_altar_pennies_from_heaven
D:2:      layout_basic, minmay_misc_feat_hallway, uniq_terence
D:3:      layout_loops_corners, moated_statue
D:4:      layout_rooms, portal_sewer_entry_f, corexii_leaking_fountain,
          kennysheep_small_spiral
D:5:      layout_loops_cross, hangedman_glass_teeth, st_stairs_10,
          uniq_blork_the_orc
D:6:      layout_loops_ring, jmf_multi_god_temple, minmay_temple_entry_tees

Skill      XL: |  1  2  3  4  5  6  7  8 |
---------------+-------------------------+-----
Spellcasting   | 3 4 5 6 8 |  8.9
Dodging        | |  2.1
Stealth        | |  1.5

Action                   |  1- 3 |  4- 6 |  7- 9 || total
-------------------------+-------+-------+-------++-------
Melee: Unarmed           |       |     3 |       ||     3
       Whip              |       |     2 |    20 ||    22
       Punch             |       |     1 |     2 ||     3
       Spear             |       |       |   102 ||   102
 Cast: Sting             |    38 |   124 |     4 ||   166
       Poisonous Vapours |     6 |    10 |    23 ||    39
       Olgreb's Toxic Ra |       |     9 |     9 ||    18
       Mephitic Cloud    |       |     2 |     5 ||     7
       Animate Skeleton  |       |       |     3 ||     3
       Gell's Gravitas   |       |       |     1 ||     1
       Call Canine Famil |       |       |     3 ||     3
  Use: Scroll            |       |     8 |     2 ||    10
       Potion            |       |       |     3 ||     3
 Stab: Distracted        |       |       |     1 ||     1
       Sleeping          |       |       |     1 ||     1
Armor: Robe              |     3 |    18 |    30 ||    51
Dodge: Dodged            |     5 |    46 |   111 ||   162
       Repelled          |       |       |     4 ||     4

Table legend: (Time is in decaauts)
 A = Elapsed time spent in this place.
 B = Non-inter-level travel time spent in this place.
 C = Inter-level travel time spent in this place.
 D = Time resting spent in this place.
 E = Time spent auto-exploring this place.
 F = Levels seen in this place.
 G = Mean time per level.
                   A        B        C        D        E       F      G
               +--------+--------+--------+--------+--------+-----+--------+
         Total |  11495 |  10796 |    699 |   3184 |   6510 |   7 | 1642.1 |
       Dungeon |  10362 |   9663 |    699 |   3184 |   5550 |   6 | 1727.0 |
         Sewer |   1133 |   1133 |      0 |      0 |    960 |   1 | 1133.0 |
               +--------+--------+--------+--------+--------+-----+--------+

Top non-repeatable levels by time:
     D:5: 3248 daAuts
     D:4: 2986 daAuts
     D:2: 1715 daAuts
     D:3: 1345 daAuts
   Sewer: 1133 daAuts
     D:1: 955 daAuts
     D:6: 110 daAuts
